 Dungeon Crawl Stone Soup version 0.17-a0-1939-ga475588 (webtiles) character file.

9500 HungrySpirit the Carver (level 11, 0/95 HPs)
             Began as a Demigod Fighter on Sept 29, 2015.
             Killed from afar by Harold (14 damage)
             ... with a bolt of fire
             ... on level 2 of the Orcish Mines.
             The game lasted 00:26:06 (11383 turns).

HungrySpirit the Carver (Demigod Fighter)          Turns: 11383, Time: 00:26:06

Health: 0/95       AC: 15    Str: 23    XL:     11   Next: 4%
Magic:  14/14      EV:  7    Int: 12    God:
Gold:   770        SH: 10    Dex: 15    Spells: 0 memorised, 10 levels left

rFire  + . .     SeeInvis .     G - +2 scimitar (flame)
rCold  + . .     Clarity  +     m - +0 plate armour
rNeg   . . .     SustAt   +     c - +0 shield
rPois  +         Gourm    .     H - +2 helmet
rElec  +         Spirit   .     q - +0 cloak
rCorr  +         Warding  .     (no gloves)
rMut   .         Stasis   .     (no boots)
MR     +....                    l - amulet of regeneration
Stlth  ..........               K - +3 ring of evasion
                                (no ring)

@: resistant, heavily drained, somewhat resistant to hostile enchantments,
extremely unstealthy
A: clarity, high mp 1, weak 1, sustain attributes
a: no special abilities


You were on level 2 of the Orcish Mines.
You were hungry.

You visited 2 branches of the dungeon, and saw 13 of its levels.

You collected 770 gold pieces.

Inventory:

Hand weapons
 G - a +2 scimitar of flaming (weapon)
 P - the cursed +3 halberd of Corporal Punishment {venom, rElec}
   (You found it on level 9 of the Dungeon)

   It poisons the flesh of those it strikes.
   It insulates you from electricity.
   It has a curse placed upon it.
Armour
 c - a +0 shield (worn)
 m - a +0 plate armour (worn)
 q - a +0 cloak (worn)
 H - a +2 helmet (worn)
Jewellery
 k - an uncursed ring of teleportation
 l - an amulet of regeneration (around neck)
 K - a +3 ring of evasion (right hand)
 N - an uncursed ring of ice
Magical devices
 j - a wand of enslavement (4)
 r - a wand of flame (24)
 y - a wand of paralysis (18)
 C - a wand of lightning (0)
 E - a wand of digging (14)
 L - a wand of draining (0)
Scrolls
 b - a scroll of magic mapping
 d - 3 scrolls of enchant armour
 i - 5 scrolls of amnesia
 n - 8 scrolls of teleportation
 s - 3 scrolls of recharging
 u - a scroll of fear
 v - a scroll of remove curse
 F - a scroll of enchant weapon {unknown}
 J - 7 scrolls of identify
Potions
 o - a potion of brilliance
 p - a potion of cure mutation
 t - 2 potions of ambrosia
 w - a potion of curing
 A - 3 potions of haste
 B - 2 potions of cancellation
Books
 z - a book of the Sky

   Spells                             Type                      Level
   a - Summon Lightning Spire         Summoning/Air                4
   b - Airstrike                      Air                          4
   c - Silence                        Hexes/Air                    5
   d - Deflect Missiles               Charms/Air                   6
   e - Conjure Ball Lightning         Conjuration/Air              6
   f - Tornado                        Air                          9
Comestibles
 e - 9 bread rations
 g - 3 meat rations
 h - 2 slices of pizza
 x - 3 fruits
 D - 2 beef jerkies


   Skills:
 + Level 8.9(7.2) Fighting
 * Level 11.7(9.9) Long Blades
 + Level 5.2(3.6) Armour
 + Level 6.4(4.8) Shields


You had 10 spell levels left.
You didn't know any spells.

Dungeon Overview and Level Annotations

Branches:
Dungeon (11/15)            Temple (0/1) D:5            Lair (0/8) D:10
    Orc (2/4) D:11

Shops:
D:11 %

Portals:
Trove: D:11 (give 2 scrolls of acquirement)

Annotations:
D:3 1 runed door
D:11 Grum
Orc:2 Harold


Innate Abilities, Weirdness & Mutations

You have an increased reservoir of magic (+10% MP).
Your attributes are resistant to harm.
You possess an exceptional clarity of mind.
You are weak. (Str -2)


Message History

Drink which item? (? for menu, Esc to quit)
You feel better. Harold hits you but does no damage.
You feel drained.
Drink which item? (? for menu, Esc to quit)
You feel protected. You block Harold's attack.
You hit Harold. You burn Harold.
Harold is severely wounded.
Your plate armour prevents you from hitting Harold.
Harold is severely wounded.
You block Harold's attack.
You hit Harold but do no damage.
Harold is severely wounded.
Harold hits you with a hand axe of draining.
* * * LOW HITPOINT WARNING * * *
You feel drained.
You slice Harold!! You burn Harold.
Harold is almost dead.
Harold points at you and mumbles some strange words.
The bolt of fire hits you! You resist.
You die...

##...
#.... ....
# ...###
#..
....##...$
.........
#.@......
##@......#
#<......##
##.....##
###.### .#
##


You could see Harold.

Vanquished Creatures
  Erica (D:10)
  A hill giant (D:10)
  An ugly thing (D:11)
  A cyclops (D:9)
  Maurice (D:8)
  A komodo dragon (D:10)
  A gargoyle (D:10)
  Grinder (D:6)
  A wraith (D:11)
  A deep elf mage (D:10)
  The ghost of KambridgeKobold the Ruffian, an average HOMo of Beogh (D:3)
  2 hippogriffs
  A mottled dragon (D:11)
  4 wolves
  A sky beast (D:7)
  8 spiders (D:10)
  3 ice beasts
  3 orc warriors
  A black bear (D:10)
  4 phantoms
  An eye of draining (D:9)
  6 centaurs
  2 big kobolds
  3 ogres
  Blork the orc (D:5)
  3 giant frogs
  A water moccasin zombie (D:10)
  A scorpion (D:9)
  4 wights (D:11)
  3 crimson imps
  A quasit (D:7)
  2 centaur zombies
  5 jellies
  11 orc priests
  4 giant frog zombies
  An iguana (D:9)
  5 hounds
  11 orc wizards
  Natasha (thrice) (D:2)
  7 worker ants
  A hound skeleton (D:4)
  2 worker ant zombies
  10 gnolls
  15 adders
  2 shadow imps
  4 worms
  2 adder skeletons
  6 giant geckos
  44 orcs
  4 bats
  3 giant cockroaches
  5 hobgoblins
  15 jackals
  8 giant newts
  14 goblins
  A jackal skeleton (D:5)
  27 kobolds
  3 quokkas
  A quokka skeleton (D:9)
  A quokka zombie (D:8)
  3 rats
284 creatures vanquished.

Vanquished Creatures (others)
  4 plants (D:10)
4 creatures vanquished.

Grand Total: 288 creatures vanquished

Notes
Turn   | Place    | Note
--------------------------------------------------------------
     0 | D:1      | HungrySpirit the Demigod Fighter began the quest for the Orb.
     0 | D:1      | Reached XP level 1. HP: 18/18 MP: 3/3
   218 | D:1      | Reached skill level 3 in Fighting
   312 | D:1      | Reached XP level 2. HP: 26/26 MP: 4/4
   824 | D:2      | Reached XP level 3. HP: 31/31 MP: 5/5
  1044 | D:2      | Noticed Natasha
  1306 | D:2      | Killed Natasha
  1306 | D:2      | Reached XP level 4. HP: 29/38 MP: 6/6
  1306 | D:2      | Noticed Natasha
  1312 | D:2      | Killed Natasha
  1312 | D:2      | Noticed Natasha
  1317 | D:2      | Killed Natasha
  1459 | D:3      | Noticed KambridgeKobold's ghost (average HOMo)
  1478 | D:3      | Killed KambridgeKobold's ghost
  1478 | D:3      | Reached skill level 4 in Fighting
  1478 | D:3      | Reached XP level 5. HP: 11/46 MP: 7/7
  1812 | D:3      | Found a faded altar to an unknown god.
  1934 | D:3      | Found a shimmering altar of Xom.
  1934 | D:3      | Found a bloodstained altar of Trog.
  1937 | D:3      | Found a burning altar of Makhleb.
  1984 | D:3      | Found a glowing silver altar of Zin.
  1984 | D:3      | Noticed an angel
  1985 | D:3      | Found a runed door.
  2166 | D:4      | Reached skill level 5 in Long Blades
  2166 | D:4      | Reached XP level 6. HP: 46/52 MP: 8/8
  2375 | D:4      | Noticed an ogre
  2382 | D:4      | Killed an ogre
  3000 | D:5      | Entered Level 5 of the Dungeon
  3154 | D:5      | Reached skill level 6 in Long Blades
  3229 | D:5      | Reached XP level 7. HP: 38/60 MP: 9/9
  3244 | D:5      | Reached skill level 5 in Fighting
  3653 | D:5      | Noticed Blork the orc
  3667 | D:5      | Killed Blork the orc
  3679 | D:5      | Reached skill level 7 in Long Blades
  3706 | D:5      | Found a staircase to the Ecumenical Temple.
  4317 | D:6      | Noticed Grinder
  4339 | D:6      | Killed Grinder
  4339 | D:6      | Reached XP level 8. HP: 68/70 MP: 10/10
  4379 | D:6      | Found a radiant altar of Vehumet.
  4414 | D:6      | Found a stormy altar of Qazlal.
  4417 | D:6      | Noticed a water elemental
  4417 | D:6      | Noticed an air elemental
  4454 | D:6      | Reached skill level 8 in Long Blades
  5240 | D:7      | Noticed a hill giant
  6143 | D:7      | Reached skill level 9 in Long Blades
  6525 | D:8      | Noticed Maurice
  6598 | D:6      | Gained mutation: You are weak. (Str -2) [potion of mutation]
  6598 | D:6      | Gained mutation: You possess an exceptional clarity of mind. [potion of mutation]
  6757 | D:8      | Reached XP level 9. HP: 73/78 MP: 11/11
  7008 | D:8      | Found a blossoming altar of Fedhas.
  7280 | D:8      | Killed Maurice
  7487 | D:9      | Reached skill level 10 in Long Blades
  7587 | D:9      | Found an opulent altar of Gozag.
  8373 | D:9      | Got a crystal halberd
  8374 | D:9      | Identified the cursed +3 halberd of Corporal Punishment {venom, rElec} (You found it on level 9 of the Dungeon)
  8433 | D:9      | Noticed a cyclops
  8443 | D:9      | Killed a cyclops
  8443 | D:9      | Reached skill level 5 in Shields
  8786 | D:10     | Entered Level 10 of the Dungeon
  8984 | D:10     | Found a staircase to the Lair.
  8985 | D:10     | Noticed a komodo dragon
  9000 | D:10     | Reached XP level 10. HP: 86/88 MP: 13/13
  9020 | D:10     | Killed a komodo dragon
  9339 | D:10     | Noticed a hill giant
  9435 | D:10     | Killed a hill giant
  9435 | D:10     | Reached skill level 11 in Long Blades
  9994 | D:11     | Found a portal to a secret trove of treasure.
  9994 | D:11     | Noticed Grum
 10072 | D:11     | Noticed Erica
 10096 | D:10     | Killed Erica
 10513 | D:11     | Found a staircase to the Orcish Mines.
 10526 | D:11     | Noticed a hill giant
 10796 | D:11     | Reached skill level 5 in Armour
 10848 | D:11     | Noticed a green ugly thing
 10858 | D:11     | Killed a green ugly thing
 10932 | D:11     | Found Xiuguoffew's Food Shop.
 11081 | D:11     | Reached XP level 11. HP: 92/95 MP: 14/14
 11203 | Orc:1    | Entered Level 1 of the Orcish Mines
 11365 | Orc:2    | Noticed Harold
 11383 | Orc:2    | Killed from afar by Harold

Vault maps used:
D:1:      lightli_arrival_boilingwater
D:2:      uniq_natasha
D:3:      gammafunk_temple_overflow_forgotten, ecumenical_altar_2,
          lemuel_angel_altar
D:4:      first_bread
D:5:      minmay_temple_entry_junction2, uniq_blork_the_orc
D:6:      nicolae_qazlal_style_of_elements, vehumet_crystals, uniq_grinder
D:8:      hangedman_tree_tricks, hangedman_abyss_or_decor_stagger,
          minmay_misc_feat_tiny, st_stairs_6, kennysheep_nondescript,
          uniq_maurice
D:9:      enter_bailey_2, basic_altar, lightli_minifort
D:10:     david_lair_shrubbed, minivault_27, spider_trap
D:11:     orc_0_dummy, serial_shops, kennysheep_little_box,
          nicolae_trove_entry_crossroad, minmay_misc_feat_encased, uniq_erica,
          uniq_grum
Orc:1:    serial_shops, nicolae_shop_window_shopping
Orc:2:    nicolae_orc_rich_vein, uniq_harold

Action                   |  1- 3 |  4- 6 |  7- 9 | 10-12 || total
-------------------------+-------+-------+-------+-------++-------
Melee: Long sword        |   173 |   199 |   602 |   183 ||  1157
       Scimitar          |       |       |       |   172 ||   172
Evoke: Wand              |       |     1 |     1 |     4 ||     6
  Use: Scroll            |     7 |       |    15 |     1 ||    23
       Potion            |       |     1 |     9 |     6 ||    16
 Stab: Invisible         |       |       |     1 |       ||     1
  Eat: Chunk             |     2 |     7 |    13 |       ||    22
       Pizza             |       |     1 |       |       ||     1
       Beef jerky        |       |       |     2 |       ||     2
       Fruit             |       |       |    15 |       ||    15
       Bread ration      |       |       |       |     1 ||     1
